 Dungeon Crawl Stone Soup version 0.19-a0-722-g27ac516 (webtiles) character file.

2991 Leszczynek the Basher (level 9, -1/111 HPs)
             Began as a Demigod Wanderer on June 21, 2016.
             Slain by a wyvern (8 damage)
             ... on level 9 of the Dungeon.
             The game lasted 00:21:09 (9200 turns).

Leszczynek the Basher (Demigod Wanderer)            Turns: 9200, Time: 00:21:10

Health: -1/111     AC: 24    Str: 25    XL:     9   Next: 29%
Magic:  13/13      EV:  2    Int: 13    God:
Gold:   493        SH:  5    Dex: 16    Spells: 0 memorised, 10 levels left

rFire  . . .     SeeInvis .     a - +0 flail
rCold  . . .     Gourm    .     (armour currently unavailable)
rNeg   + + +     Faith    .     (no shield)
rPois  +         Spirit   .     (helmet currently unavailable)
rElec  .         Dismiss  .     (cloak currently unavailable)
rCorr  .         Reflect  +     (gloves currently unavailable)
SustAt +         Harm     .     (boots currently unavailable)
MR     .....     NoTele   +     c - +5 amulet of reflection
Stlth  ++........               (no ring)
                                y - +2 ring of strength

@: tree-form, not resistant to hostile enchantments, unstealthy
A: high mp 1, sustain attributes
a: no special abilities


You were on level 9 of the Dungeon.
You were not hungry.
You were a tree.
You visited 1 branch of the dungeon, and saw 9 of its levels.

You collected 493 gold pieces.

Inventory:

Hand Weapons
 a - a +0 flail (weapon)
 b - a +3 shortbow
Missiles
 j - 2 curare-tipped needles
 k - 85 arrows
 n - 52 bolts
 u - 12 tomahawks (quivered)
 H - 2 throwing nets
 K - 3 tomahawks of returning
Armour
 m - a +0 helmet (melded)
 s - a +4 scale mail (melded)
Rods
 I - a +1 rod of inaccuracy (9/9)
   (You found it on level 8 of the Dungeon)
Jewellery
 c - a +5 amulet of reflection (around neck)
 e - an uncursed ring of magical power
 o - an uncursed ring of ice
 v - an uncursed amulet of regeneration
 y - a +2 ring of strength (left branch)
Wands
 d - a wand of teleportation (7/9)
 g - a wand of teleportation (4/9)
 r - a wand of confusion (16/48)
Scrolls
 h - 5 scrolls of enchant weapon
 i - 4 scrolls of remove curse
 p - a scroll of immolation
 x - 3 scrolls of fog
 G - a scroll of enchant armour
 J - a scroll of teleportation
Potions
 l - 3 potions of agility
 w - a potion of berserk rage {unknown}
 z - 3 potions of haste
 A - a potion of curing
 B - a potion of cancellation {unknown}
 D - a potion of cure mutation {unknown}
 F - a potion of heal wounds {unknown}
Comestibles
 f - 10 bread rations
 q - 3 slices of pizza
 t - 7 meat rations
 C - 6 chunks of flesh


   Skills:
 - Level 5.0 Fighting
 + Level 10.2 Maces & Flails
 - Level 3.6 Bows
 - Level 1.4 Armour
 - Level 2.3 Dodging
 - Level 1.0 Stealth
   Level 1.0 Shields
 - Level 1.0 Spellcasting
   Level 1.0 Hexes
   Level 1.0 Ice Magic


You had 10 spell levels left.
You didn't know any spells.

Dungeon Overview and Level Annotations

Branches:
Dungeon (9/15)             Temple (0/1) D:5            Lair (0/6) D:9
    Orc: D:9-12

Shops:
D:4 :   D:6 }

Annotations:
D:6 exclusions: plant and 6 more exclusions


Innate Abilities, Weirdness & Mutations

You have an increased reservoir of magic. (+10% MP)
Your attributes are resistant to harm.


Message History

The wyvern completely misses you.
The wyvern bites you but does no damage.
You hit the wyvern but do no damage.
The wyvern is severely wounded.
The wyvern bites you!
* * * LOW HITPOINT WARNING * * *
You hit the wyvern.
The wyvern is severely wounded.
The wyvern completely misses you.
It was a potion of curing.
You feel better. The wyvern bites you.
* * * LOW HITPOINT WARNING * * *
The wyvern hisses menacingly.
You block the wyvern's attack.
You hit the wyvern but do no damage.
The wyvern is severely wounded.
The wyvern bites you but does no damage.
You sock the wyvern!
The wyvern is almost dead.
The wyvern bites you!
You die...

#.. #.......##.
#..###########.......#..
#####....................#..
.........................#._
.......P.P....P..........#..
#.....P..PPPP†.P.........###
#........PP.................
#..#...PPPPPl.P.............
#..#..PPP..♣PP.P..#####.....
#. ..PPP.PPP.PP.P.... .....
...P..P..PP.PP..... .....


..P.PPP.PP.PPP... ..... .PPP.PP>PPP.P.... ..... .P..PP.PPP.PP.P.. .....
...PP.PP..PPP... ..... .PPPP....PPPP.. ..... ..... You could see a wyvern.

Vanquished Creatures
  A hippogriff (D:8)
  A water moccasin (D:5)
  3 ice beasts
  2 sky beasts (D:5)
  2 ogres
  2 centaurs (D:8)
  4 giant frogs
  A wyvern zombie (D:8)
  2 scorpions
  4 howler monkeys
  An electric eel (D:7)
  4 crimson imps
  5 hounds
  2 giant frog zombies (D:5)
  2 centaur skeletons
  4 orc priests
  13 orc wizards
  Ijyb (D:3)
  3 iguanas
  6 worker ants
  A killer bee zombie (D:7)
  A howler monkey zombie (D:6)
  4 gnolls (D:8)
  4 adders
  3 shadow imps
  2 oozes
  An adder zombie (D:5)
  An adder skeleton (D:4)
  2 worms
  6 giant geckos
  28 orcs
  2 giant cockroaches (D:2)
  4 goblins
  6 hobgoblins
  6 jackals
  4 quokkas
  2 ball pythons
  11 bats
  4 giant newts
  A jackal skeleton (D:6)
  11 kobolds
  7 rats
  A fungus (D:9)
175 creatures vanquished.

Vanquished Creatures (others)
  A centaur (D:6)
  A giant frog (D:6)
  A hound (D:6)
  A giant newt (D:6)
4 creatures vanquished.

Grand Total: 179 creatures vanquished

Notes
Turn   | Place    | Note
--------------------------------------------------------------
     0 | D:1      | Leszczynek the Demigod Wanderer began the quest for the Orb.
     0 | D:1      | Leszczynek set off with: a +2 shortbow, 22 arrows, the Grimoire of Air, a +0 robe, a bread ration
     0 | D:1      | Reached XP level 1. HP: 17/17 MP: 4/4
     0 | D:1      | Identified the Grimoire of Air
   130 | D:1      | Reached skill level 2 in Bows
   835 | D:1      | Reached skill level 1 in Dodging
   845 | D:1      | Reached XP level 2. HP: 18/24 MP: 5/5
  1393 | D:2      | Found a bloodstained altar of Trog.
  1420 | D:2      | Reached XP level 3. HP: 28/29 MP: 6/6
  2122 | D:3      | Noticed Ijyb
  2131 | D:3      | Killed Ijyb
  2131 | D:3      | Reached skill level 3 in Bows
  2131 | D:3      | Reached skill level 2 in Dodging
  2281 | D:3      | Reached XP level 4. HP: 36/36 MP: 8/8
  2386 | D:3      | Reached skill level 2 in Fighting
  2940 | D:4      | Reached skill level 1 in Maces & Flails
  2940 | D:4      | Reached XP level 5. HP: 41/41 MP: 9/9
  3160 | D:4      | Found an oddly glowing altar of Pakellas.
  3314 | D:4      | Found Amusiet's Book Shoppe.
  3354 | D:5      | Entered Level 5 of the Dungeon
  3369 | D:5      | Reached skill level 2 in Maces & Flails
  3423 | D:5      | Reached skill level 3 in Maces & Flails
  3471 | D:5      | Noticed an ogre
  3481 | D:5      | Killed an ogre
  3481 | D:5      | Reached XP level 6. HP: 26/48 MP: 10/10
  3637 | D:5      | Reached skill level 4 in Maces & Flails
  3662 | D:5      | Noticed a water moccasin
  3663 | D:5      | the fuck
  3663 | D:5      | d:5 water moccasin
  3663 | D:5      | rip
  3687 | D:5      | Killed a water moccasin
  3809 | D:5      | Reached skill level 5 in Maces & Flails
  3838 | D:5      | Reached XP level 7. HP: 40/55 MP: 11/11
  3863 | D:5      | Reached skill level 6 in Maces & Flails
  4241 | D:5      | Found a staircase to the Ecumenical Temple.
  4367 | D:5      | Reached skill level 3 in Fighting
  4803 | D:6      | Reached skill level 4 in Fighting
  4992 | D:6      | Found a shimmering altar of Xom.
  5146 | D:6      | Found Wooh's Gadget Emporium.
  5150 | D:6      | Got a bloodstained ring mail
  5165 | D:6      | Identified the +3 ring mail of Kymet {rCorr} (You found it on level 6 of the Dungeon)
  5303 | D:6      | Reached skill level 5 in Fighting
  5303 | D:6      | Reached XP level 8. HP: 68/68 MP: 12/12
  6254 | D:7      | Reached skill level 7 in Maces & Flails
  6294 | D:7      | Found a sacrificial altar of Ru.
  6631 | D:7      | Found a sparkling altar of Nemelex Xobeh.
  6632 | D:7      | Found a glowing silver altar of Zin.
  6940 | D:7      | Reached skill level 8 in Maces & Flails
  7527 | D:7      | You fall through a shaft for 2 floors!
  8284 | D:8      | Reached skill level 9 in Maces & Flails
  8318 | D:8      | Identified a +1 rod of inaccuracy (9/9) (You found it on level 8 of the Dungeon)
  8349 | D:8      | Reached XP level 9. HP: 46/74 MP: 13/13
  8933 | D:9      | Found a stormy altar of Qazlal.
  9012 | D:9      | Reached skill level 10 in Maces & Flails
  9060 | D:9      | Found an opulent altar of Gozag.
  9081 | D:9      | Found an ancient bone altar of Kikubaaqudgha.
  9118 | D:9      | Found a staircase to the Lair.
  9196 | D:9      | HP: 3/111 [wyvern (10)]
  9200 | D:9      | Slain by a wyvern

Vault maps used:
D:1:      dpeg_arrival_pits
D:2:      bloody_trog
D:3:      uniq_iyjb
D:4:      grunt_pakellas_sulfur, serial_shops, shop, hangedman_decor_riveting
D:5:      first_bread
D:6:      gammafunk_temple_overflow_elements, xom_confusion_cloud, serial_shops,
          shop, serial_bayou, serial_bayou_lagoon_a, serial_bayou_pond_a,
          serial_bayou_shore_b, serial_bayou_ford_a, serial_bayou_pond_e
D:7:      nicolae_ru_sacrificial_ziggurat, gammafunk_temple_overflow_pools,
          serial_glass, glass_columns_c, glass_columns_a, kennysheep_potato
D:9:      kiku_gazebo_pond_becter, grunt_qazlal_clouds,
          due_lair_maze_entry_diamond, basic_altar

Skill      XL: |  1  2  3  4  5  6  7  8  9 |
---------------+----------------------------+-----
Bows           | 2 3 |  3.6
Dodging        | 1 2 |  2.3
Fighting       | 2 5 |  5.0
Maces & Flails | 1 3 5 6 9 10 | 10.2
Armour         | |  1.4
Stealth        | |  1.0
Shields        | |  1.0
Spellcasting   | |  1.0
Hexes          | |  1.0
Ice Magic      | |  1.0

Action                   |  1- 3 |  4- 6 |  7- 9 || total
-------------------------+-------+-------+-------++-------
Melee: Short sword       |   131 |    50 |       ||   181
       Flail             |       |   135 |   515 ||   650
 Fire: Shortbow          |    50 |    32 |    50 ||   132
  Use: Scroll            |       |    10 |     5 ||    15
       Potion            |       |     1 |     2 ||     3
 Stab: Sleeping          |     1 |       |       ||     1
  Eat: Chunk             |     4 |     4 |    15 ||    23
       Beef jerky        |       |     1 |     2 ||     3
Armor: Robe              |    16 |       |       ||    16
       Scale mail        |    61 |   110 |   209 ||   380
       Skin              |       |    20 |     8 ||    28
Dodge: Dodged            |   111 |    93 |   290 ||   494
Block: Other             |       |    12 |   129 ||   141
       Reflection        |       |       |    12 ||    12
